[Event "Early-Titled-Tuesday-Blitz-May-28-2024"]
[Site "Chess.com"]
[Date "2024.05.28"]
[Round "11"]
[White "PeshkaCh"]
[Black "juancruzarias"]
[Result "1-0"]
[WhiteElo "2859"]
[BlackElo "2681"]
[TimeControl "180+1"]
[EndTime "10:10:17 PDT"]
[Termination "PeshkaCh won on time"]

1. Nf3 d5 2. d4 Nf6 3. c4 e6 4.
Nc3 a6 5. cxd5 exd5 6. Bg5 c6 7.
e3 Be7 8. Bd3 h6 9. Bh4 O-O 10.
Qc2 Re8 11. Ne5 Nfd7 12. Bh7+ Kf8 13. Bg3 Nxe5 14. Bxe5 Bd6 15. Bxd6+ Qxd6 16. Bd3 Nd7 17. O-O Nf6 18. h3 Bd7 19. Na4 Rab8 20. Nc5 Kg8 21. a4 g5 22. Bf5 Bxf5 23. Qxf5 Ne4 24. b4 Nxc5 25. bxc5 Qe7 26. Rab1 Rbc8 27. Rb6 Rc7 28. Rfb1 Rd8 29. R1b2 Rdd7 30. Kf1 Kg7 31. Ke2 Qf6 32. Qb1 Qe7 33. Kd2 h5 34. Kc3 Qf6 35. Qd1 Kh6 36. Kb4 Re7 37. Ka5 Rcd7 38. Qb1 Kg7 39. Rxb7 Rxb7 40. Rxb7 Re6 41. Qb2 Qd8+ 42. Rb6 Qf6 43.
Rxa6 Qd8+ 44. Rb6 Qa8+ 45. Kb4 Qa7 46. a5 Qc7 47. a6 Re7 48. Ka5 Re8 49. Qe2 h4 50. Qg4 Kg6 51. Qf3 f6 52. Qd1 Rc8 53. Qd3+ f5 54. Qb3 Kf7 55. Qb1 Ke6 56. Qd1 Ra8 57. Qh5 Rf8 58. Qg6+ Rf6 59. Qe8+ 1-0

[Event "Early-Titled-Tuesday-Blitz-May-28-2024"]
[Site "Chess.com"]
[Date "2024.05.28"]
[Round "11"]
[White "chessamical"]
[Black "alex1531"]
[Result "1/2-1/2"]
[WhiteElo "2285"]
[BlackElo "2429"]
[TimeControl "180+1"]
[EndTime "10:10:17 PDT"]
[Termination "Game drawn - insufficient material"]

1. Nf3 c5 2. e4 e6 3. c3 d5 4. e5 d4 5. Bb5+ Bd7 6. Qe2 Nc6 7. O-O Nge7 8. cxd4 cxd4 9. d3 Nf5 10. Nbd2 h5 11. Nb3 Be7 12. Bd2 a6 13. Bxc6 Bxc6 14.
Rac1 h4 15. h3 Qd5 16. Rc4 Bb5 17. Rc2 O-O 18. Rfc1 Rad8 19. Rc7 Rd7 20. Qe4 Bc6 21. Qxd5 Rxd5 22. Nfxd4 Bd8 23. Nxf5 exf5 24. Rc8 Rxd3 25. Bb4 Re8 26. Bd6 Bd7 27. Rb8 Bc6 28. Na5 Bxa5 29.
b4 Bd8 30. a4 Bg5 31. Rxe8+ Bxe8 32. Rc8 Kh7 33. Rxe8 Rd1+ 34. Kh2 Bf4+ 35. g3 hxg3+ 36. fxg3 Be3 37. Kg2 f4 38. gxf4 Bxf4 39. Kf3 Bg5 40.
Rf8 Kg6 41. Rb8 Rd3+ 42. Ke4 Rxh3 43. Rxb7 Rh4+ 44. Kd5 Rh1 45. b5 axb5 46. axb5 Rb1 47. Rb8 Be3 48. Kc6 Kf5 49. Rg8 g6 50. Rg7 Ke6 51. Bc7 Rc1+ 52. Kb7 g5 53. b6 Bf4 54.
Ka8 Ra1+ 55. Kb8 Bxe5 56. Bxe5 Kxe5 57. Rxg5+ f5 58. b7 Ke4 59. Rg8 Rb1 60. Rf8 f4 61. Kc7 Ke3 62. b8=Q Rxb8 63. Kxb8 f3 64. Re8+ Kd2 65.
Rd8+ Ke2 66. Re8+ Kd2 67. Kc7 f2 68. Rf8 Ke2 69. Rf4 f1=Q 70. Rxf1 Kxf1 1/2-1/2

[Event "Early-Titled-Tuesday-Blitz-May-28-2024"]
[Site "Chess.com"]
[Date "2024.05.28"]
[Round "11"]
[White "alexrustemov"]
[Black "Oleksandr_Bortnyk"]
[Result "0-1"]
[WhiteElo "2845"]
[BlackElo "3017"]
[TimeControl "180+1"]
[EndTime "10:10:19 PDT"]
[Termination "Oleksandr_Bortnyk won by checkmate"]

1. d4 Nf6 2. c4 b6 3. Nf3 Bb7 4. g3 g6 5. Bg2 Bg7 6. O-O O-O 7. d5 Na6 8. Nc3 Nc5 9. Re1 Nfe4 10. Nxe4 Nxe4 11.
Qc2 Nc5 12. e4 a5 13. Be3 e5 14. b3 d6 15. a3 a4 16. b4 Nb3 17. Rad1 Bc8 18.
Nd2 Nd4 19. Bxd4 exd4 20. f4 Bg4 21. Bf3 Bh3 22. Bg2 Bg4 23. Bf3 Qd7 24. Bxg4 Qxg4 25. Qd3 Rae8 26. Kg2 f5 27. Qf3 h5 28. h3 Qxf3+ 29.
Kxf3 d3 30. Re3 g5 31. exf5 g4+ 32. hxg4 hxg4+ 33. Kf2 Bd4 34. Nf1 Rxf5 35. Rxd3 Bxe3+ 36. Nxe3 Rh5 37. Nxg4 Kf7 38. Kf3 Rh1 39. Ne3 Rb1 40. Ke2 Rb2+ 41. Rd2 Rb3 42. Rd3 Rb2+ 43. Rd2 Rb3 44. Rd3 Rh8 45. Rxb3 axb3 46. Kd2 Rh2+ 47. Kc1 Re2 48. Nf5 Rc2+ 49. Kb1 Kf6 50. Nd4 Rxc4 51.
Nb5 Rc2 52. g4 Rc4 53. Kb2 Rxf4 54. Kxb3 Rxg4 55. Nxc7 Ke5 56. Ka4 Rg7 57. Na6 Kxd5 58. Kb5 Ke5 59. Kxb6 d5 60. Nc5 d4 61. a4 Kd5 62. Kb5 Rg8 63. a5 Rb8+ 64. Ka4 Kc4 65. Na6 d3 66. Nxb8 d2 67. Nd7 d1=Q+ 68. Ka3 Qb3# 0-1

[Event "Early-Titled-Tuesday-Blitz-May-28-2024"]
[Site "Chess.com"]
[Date "2024.05.28"]
[Round "11"]
[White "twofoxniel"]
[Black "Nitzan_Steinberg"]
[Result "0-1"]
[WhiteElo "2720"]
[BlackElo "2906"]
[TimeControl "180+1"]
[EndTime "10:10:20 PDT"]
[Termination "Nitzan_Steinberg won by resignation"]

1. e4 c5 2. c3 d6 3. d4 Nf6 4. Nd2 cxd4 5. cxd4 Nc6 6. Ngf3 g6 7. Bc4 Bg7 8. O-O O-O 9. Qe2 Bg4 10. Qe3 d5 11.
exd5 Nxd5 12. Qg5 Bxf3 13. Nxf3 Nb6 14. Bb3 e6 15. Rd1 Qxg5 16. Bxg5 h6 17. Bh4 Rac8 18.
Rab1 g5 19. Bg3 Rfd8 20. Be5 a5 21. a3 g4 22. Bxg7 Kxg7 23. Ne5 Nxd4 24. Ba2 h5 25. Kf1 Na4 26. Rd2 Nf5 27. Rbd1 Rxd2 28. Rxd2 Rc5 29. Nd3 Rc7 30. Nf4 Kh6 31. g3 e5 32. Nd5 Rc1+ 33.
Kg2 Nd4 34. Ne3 f5 35. Rd1 Rxd1 36. Nxd1 Nc5 37. Bd5 b6 38. h3 Kg5 39. h4+ Kf6 40.
Kf1 f4 41. Ke1 a4 42. Kd2 fxg3 43. fxg3 Nf5 44. Ne3 Nxg3 45. Bg2 Nf5 46. Nd5+ Kg7 47. Nxb6 Nxh4 48. Bd5 Ng6 49. Ke3 Nf4 50. Bh1 h4 51. Nc4 Kf6 52. Nd2 h3 53. Kf2 Kg5 54. Kg3 Nh5+ 55. Kf2 Nd3+ 56. Ke3 Nxb2 57. Ne4+ Kh4 58.
Nf2 g3 59. Nxh3 Kxh3 60. Ke4 Nc4 61. Kd5 Nf4+ 62. Kxc4 g2 63. Bxg2+ Kxg2 64. Kb4 e4 65. Kxa4 e3 66. Kb3 e2 0-1

[Event "Early-Titled-Tuesday-Blitz-May-28-2024"]
[Site "Chess.com"]
[Date "2024.05.28"]
[Round "11"]
[White "TatjanaVasilevich"]
[Black "stollenmonster"]
[Result "0-1"]
[WhiteElo "2594"]
[BlackElo "2863"]
[TimeControl "180+1"]
[EndTime "10:10:20 PDT"]
[Termination "stollenmonster won on time"]

1. d4 Nf6 2. c4 e6 3. Nc3 d5 4.
cxd5 Nxd5 5. e4 Nxc3 6. bxc3 b6 7. Nf3 Bb7 8. Bd3 Be7 9. O-O Nd7 10. Qe2 O-O 11. Rd1 c5 12. a4 Rc8 13. Be3 Qc7 14.
Rab1 Rfd8 15. Ba6 Bxa6 16. Qxa6 Nf6 17. Qd3 cxd4 18. cxd4 Qc2 19. Qa6 Qxe4 20. Qxa7 Nd5 21. Bg5 Bxg5 22. Qxf7+ Kxf7 23. Nxg5+ Ke7 24. Nxe4 Rc4 25. a5 bxa5 26. Re1 Rxd4 27. Nc5 Nf4 28. g3 Rc4 29. Rb7+ Ke8 30. Nxe6 Nxe6 31. Rxe6+ Kf8 32.
Ree7 Rg4 33. Ra7 Rg5 34. h4 Rg4 35. Reb7 a4 36. Kg2 h5 37. Ra5 Kg8 38. Rxh5 Ra8 39. Rb2 a3 40. Ra2 Rb4 41. Rd5 Rb2 42. Rxb2 axb2 43. Rb5 Ra2 44. Kf3 Kf8 45. Ke3 Ke8 46. g4 Kf8 47. f4 Ra3+ 48. Ke4 Ra4+ 49. Ke3 Ra3+ 50. Ke2 Ra4 51. Kf3 Ra3+ 52. Ke2 Ra4 53. Rb8+ Kf7 54. Kf3 Ra3+ 55. Ke4 Ra4+ 56. Ke5 Ra5+ 57.
Kd6 Ra6+ 58. Kc5 Ra5+ 0-1

[Event "Early-Titled-Tuesday-Blitz-May-28-2024"]
[Site "Chess.com"]
[Date "2024.05.28"]
[Round "11"]
[White "Blitz_Lover1"]
[Black "TrahtarBelarus"]
[Result "0-1"]
[WhiteElo "2563"]
[BlackElo "2784"]
[TimeControl "180+1"]
[EndTime "10:10:20 PDT"]
[Termination "TrahtarBelarus won on time"]

1. e4 c5 2. c3 Nf6 3. e5 Nd5 4. d4 cxd4 5. Nf3 d6 6. cxd4 Nc6 7. Bc4 Nb6 8. Bb5 Bd7 9. O-O dxe5 10. Bxc6 Bxc6 11.
Nxe5 Qd5 12. Nxc6 Qxc6 13. Nc3 e6 14. Bf4 Be7 15. Be5 O-O 16. Qg4 g6 17. Rac1 Qd7 18. Qh3 Rfd8 19. Ne4 Nd5 20. g4 f6 21. Bg3 f5 22.
gxf5 exf5 23. Nc5 Bxc5 24. Rxc5 b6 25. Rc2 f4 26. Qxd7 Rxd7 27. Bh4 g5 28. Bxg5 Rg7 29. h4 h6 30. Kg2 hxg5 31. hxg5 Rxg5+ 32. Kf3 Re8 33. Rc6 Kf7 34. Rh1 Rd8 35. Rh7+ Rg7 36. Rhh6 Nb4 37.
Rhf6+ Kg8 38. Rcd6 Rxd6 39. Rxd6 Nxa2 40. Kxf4 Rf7+ 41.
Ke3 Nb4 42. f4 Kf8 43. Ke4 Ke7 44. Rh6 Kd7 45. f5 Re7+ 46. Kf4 Nd5+ 47. Kg5 Re2 48. Rh7+ Kd6 49. Rxa7 Rg2+ 50. Kh6 Rxb2 51. Kg7 Rg2+ 52. Kf7 Rg4 53. Ra8 Rxd4 54. Rd8+ Kc5 55. Rc8+ Kd6 56. Rd8+ Ke5 57. Re8+ Kxf5 58. Rc8 b5 59. Rc5 b4 60. Rb5 Ke5 61. Rc5 Rd3 62. Rb5 b3 63. Kg6 Kd4 64. Kf5 Kc4 65. Rb7 Nb4 66. Ke4 b2 67.
Rxb4+ Kxb4 68. Kxd3 b1=Q+ 69. Kd2 Qe4 70. Kc1 Kc3 71.
Kd1 Qg2 0-1

[Event "Early-Titled-Tuesday-Blitz-May-28-2024"]
[Site "Chess.com"]
[Date "2024.05.28"]
[Round "11"]
[White "JonasEilenberg"]
[Black "jumpingknight20"]
[Result "1/2-1/2"]
[WhiteElo "2648"]
[BlackElo "2793"]
[TimeControl "180+1"]
[EndTime "10:10:24 PDT"]
[Termination "Game drawn by stalemate"]

1. d4 Nf6 2. c4 e6 3. Nc3 d5 4.
Bg5 Be7 5. Nf3 h6 6. Bxf6 Bxf6 7.
e3 O-O 8. Rc1 b6 9. cxd5 exd5 10. Bd3 Bb7 11. O-O c5 12. dxc5 bxc5 13. Qe2 Re8 14. Rfd1 Qe7 15. Bb5 Rd8 16. Na4 a6 17.
Bd3 c4 18. Bb1 Nd7 19. Nd4 Bxd4 20. Rxd4 Bc6 21. Nc3 Nf6 22. Rcd1 Rab8 23. R1d2 Rd7 24. h3 Rdb7 25. e4 dxe4 26. Nxe4 Bxe4 27. Bxe4 Rc7 28. Rc2 Re8 29. f3 Nxe4 30. Rxe4 Qc5+ 31. Kh1 Rxe4 32. Qxe4 g6 33. Re2 c3 34. bxc3 Qxc3 35. Kh2 Qf6 36.
h4 h5 37. Qe8+ Kh7 38. Qe4 Rc1 39. Re1 Qd6+ 40. g3 Qd2+ 41. Re2 Qd1 42. g4 Qg1+ 43. Kh3 Qh1+ 44. Kg3 Rg1+ 45. Kf4 Qxh4 46. Qe7 Qxe7 47.
Rxe7 hxg4 48. Rxf7+ Kg8 49. Ra7 gxf3 50. Kxf3 Rf1+ 51.
Ke2 Rf6 52. Ke3 g5 53. Ke4 g4 54. Rc7 g3 55. Rc3 Rg6 56. Rc1 g2 57. Rg1 Kf7 58.
Kf3 Ke6 59. Rxg2 Rxg2 60. Kxg2 Kd5 61. Kf2 Kd4 62. Ke2 Kc3 63. Kd1 Kb2 64. Kd2 a5 65. a4 Kb3 66. Kc1 Kxa4 67. Kb1 Kb4 68. Ka1 a4 69.
Kb1 a3 70. Ka1 Ka4 71. Kb1 Kb3 72. Ka1 a2 1/2-1/2

[Event "Early-Titled-Tuesday-Blitz-May-28-2024"]
[Site "Chess.com"]
[Date "2024.05.28"]
[Round "11"]
[White "BashirliSaadat"]
[Black "Zq1"]
[Result "1-0"]
[WhiteElo "2383"]
[BlackElo "2509"]
[TimeControl "180+1"]
[EndTime "10:10:24 PDT"]
[Termination "BashirliSaadat won on time"]

1. d4 Nf6 2. e3 d5 3. Bd3 c5 4. c3 Qc7 5. f4 g6 6. Nf3 Bg7 7. O-O O-O 8. Nbd2 b6 9. b3 Ba6 10. Bxa6 Nxa6 11. Bb2 Qb7 12. Qe2 b5 13. Rfe1 Rac8 14. Rac1 Rfd8 15. Ba1 Nb8 16. c4 dxc4 17. bxc4 bxc4 18. Nxc4 Ne4 19. Nce5 Nd7 20. dxc5 Ndxc5 21. Bd4 Ne6 22. Ba1 Nd6 23. Red1 Qe4 24. Nd2 Qa4 25.
Nb3 h5 26. Nd4 Nxd4 27. Bxd4 Nf5 28. Rxc8 Rxc8 29. Nf3 Rc2 30. Rd2 Nxd4 31. Nxd4 Rxd2 32. Qxd2 Bxd4 33. exd4 Qc4 34. Kf2 Qd5 35. Qb2 e6 36. Qb8+ Kh7 37. Qxa7 Qe4 38. Qxf7+ Kh6 39. Qf8+ Kh7 40.
Qe7+ Kh6 41. Qg5+ Kh7 42. h3 Qxd4+ 43. Kg3 Qc4 44. Qe7+ Kh6 45. Qf8+ Kh7 46. a3 h4+ 47. Kh2 Qd4 48. Qe7+ Kg8 49. Qxh4 Kf7 50. Qg3 Kf6 51. Qg5+ Kf7 52. Qe5 Qa4 53. Qe3 Qc4 54. Qf3 Qa4 55.
h4 Qc4 56. h5 gxh5 57. Qxh5+ Kf6 58. Qh6+ Kf7 59. Qh5+ Kf6 60. Qf3 Qa4 61. Kh3 Kf7 62. g4 Kf6 63. g5+ Kf7 64. Kg3 Ke7 65. g6 Kf6 66. Qg4 Qxa3+ 67. Kh4 Kg7 68. Qxe6 Qa7 69.
Kg5 1-0

[Event "Early-Titled-Tuesday-Blitz-May-28-2024"]
[Site "Chess.com"]
[Date "2024.05.28"]
[Round "11"]
[White "Eloist"]
[Black "Fraler15"]
[Result "1-0"]
[WhiteElo "2437"]
[BlackElo "2214"]
[TimeControl "180+1"]
[EndTime "10:10:28 PDT"]
[Termination "Eloist won on time"]

1. e4 c5 2. Nf3 e6 3. d4 cxd4 4. Nxd4 Nc6 5. Nc3 Qc7 6. Be3 a6 7. Bd3 Nf6 8. O-O Ne5 9. Be2 b5 10.
f4 Nc4 11. Bxc4 Qxc4 12. e5 b4 13. exf6 bxc3 14. b3 Qc7 15. fxg7 Bxg7 16. Qg4 Bf6 17. Rae1 h5 18. Qd1 Kf8 19. Nf3 Bb7 20. Bd4 Bxd4+ 21. Qxd4 Rg8 22. Re3 Rc8 23. Rf2 Qc5 24. Qxc5+ Rxc5 25.
Ne5 Ke7 26. f5 d6 27. f6+ Ke8 28. Nc4 Kd7 29. Rxc3 Bd5 30. Nb6+ Kc6 31. Nxd5 Kxd5 32. Rd3+ Kc6 33. c4 d5 34. cxd5+ Rxd5 35. Rc2+ Kd6 36. Rxd5+ exd5 37. b4 Ke5 38. Rc7 Rb8 39. a3 a5 40.
Rxf7 axb4 41. axb4 Rxb4 42. Rh7 Kxf6 43. Rxh5 Ke6 44. Rh8 d4 45. Rd8 Ke5 46. Kf2 Rb2+ 47. Kf3 Rb3+ 48. Kg4 d3 49. h4 Ke4 50. Re8+ Kd4 51. Re1 d2 52. Rd1 Ke3 53. h5 Rb4+ 54. Kg5 Rb5+ 55. Kg6 Rb6+ 56. Kg7 Rb7+ 57.
Kf6 Rb6+ 58. Kf7 Rb7+ 59. Kg6 Rb6+ 60. Kf5 Rb5+ 61. Kg4 Rb4+ 62. Kh3 Rb3 63. Kh4 Rb4+ 64. g4 Kf3 65. Rf1+ Ke2 66. Rh1 Kf3 67. Rg1 1-0

[Event "Early-Titled-Tuesday-Blitz-May-28-2024"]
[Site "Chess.com"]
[Date "2024.05.28"]
[Round "11"]
[White "Abund"]
[Black "DumbKing75"]
[Result "1/2-1/2"]
[WhiteElo "2808"]
[BlackElo "2702"]
[TimeControl "180+1"]
[EndTime "10:10:30 PDT"]
[Termination "Game drawn by stalemate"]

1. e4 c5 2. Nf3 d6 3. Bb5+ Nd7 4. c3 a6 5. Ba4 b5 6. Bc2 Bb7 7. Qe2 Ngf6 8. d4 e6 9. O-O Be7 10. Re1 O-O 11. Nbd2 cxd4 12. cxd4 Qb6 13. Bd3 Rfc8 14. a4 Nf8 15. Nf1 bxa4 16. Rxa4 d5 17. e5 Ne4 18.
Be3 Bb4 19. Rd1 a5 20. Raa1 Ba6 21. Ng3 Bxd3 22. Qxd3 Nxg3 23. hxg3 Qa6 24. Qb3 Nd7 25. Bd2 Bxd2 26. Rxd2 Qb6 27. Qa4 Qb7 28. b3 Rc3 29. b4 Rc4 30. Rb2 Nb6 31. Qb5 a4 32. Rba2 Qa6 33. Qxa6 Rxa6 34. b5 Ra5 35. Rb2 a3 36.
Rb3 a2 37. Rb2 Rca4 38. Nd2 Nc4 39. Nxc4 dxc4 40. b6 Ra8 41. b7 Rb8 42. Raxa2 c3 43. Rxa4 cxb2 44. Rb4 Kf8 45. Kf1 Ke7 46. Ke2 Kd7 47. Kd3 Kc6 48. Rxb2 Rxb7 49. Rxb7 Kxb7 50. Kc3 h5 51. f3 g5 52. f4 g4 53. Kd3 Kb6 54. Ke3 Kc6 55. Ke4 Kb6 56. d5 exd5+ 57.
Kxd5 Kc7 58. e6 f6 59. f5 h4 60. gxh4 g3 61. Ke4 Kb6 62. Kf4 Kc6 63. Kf3 Kd6 64.
Kxg3 Ke5 65. e7 Kxf5 66. e8=Q 1/2-1/2

[Event "Early-Titled-Tuesday-Blitz-May-28-2024"]
[Site "Chess.com"]
[Date "2024.05.28"]
[Round "11"]
[White "FMStan15"]
[Black "Navyblue1"]
[Result "1/2-1/2"]
[WhiteElo "2154"]
[BlackElo "2244"]
[TimeControl "180+1"]
[EndTime "10:10:32 PDT"]
[Termination "Game drawn by stalemate"]

1. e4 c5 2. c3 Nf6 3. e5 Nd5 4. d4 cxd4 5. Nf3 d6 6. cxd4 Nc6 7. Bc4 Nb6 8. Bb5 dxe5 9. Nxe5 Bd7 10. Nxd7 Qxd7 11. O-O e6 12. Nc3 Be7 13. Be3 O-O 14.
Qg4 Rad8 15. Rad1 f5 16. Qf3 a6 17. Bxc6 bxc6 18. Bf4 Nd5 19. Nxd5 exd5 20. Be5 Bf6 21. Rfe1 Rde8 22. Qa3 Bxe5 23. dxe5 Qb7 24. b3 Re6 25. Qc5 f4 26. Rd4 Qb8 27. h3 Rxe5 28. Rxe5 Qxe5 29. Rd1 Qe6 30. f3 Re8 31. Rc1 Qe3+ 32. Qxe3 fxe3 33. Kf1 Re6 34. Ke2 Kf7 35. b4 Kf6 36. Kd3 g5 37. Re1 Kf5 38. g3 h5 39. Rxe3 Rxe3+ 40. Kxe3 Ke5 41.
Kd3 d4 42. a4 h4 43. g4 Kd5 44.
f4 gxf4 45. g5 Ke5 46. g6 Kf6 47. Kxd4 Kxg6 48. Ke5 Kg5 49. Ke4 f3 50. Kxf3 Kf5 51. a5 Ke5 52. Ke3 Kd5 53. Kd3 Ke6 54. Ke4 Kf6 55. Kf4 Ke6 56. Kg4 Ke5 57. Kxh4 Kf4 58.
Kh5 Kf5 59. h4 Kf6 60. Kg4 Kg6 61. Kf4 Kh5 62. Ke4 Kxh4 63. Kd4 Kg5 64. Kc5 Kf6 65.
Kxc6 Ke7 66. Kb6 Kd8 67. Kxa6 Kc8 68. b5 Kb8 69. b6 Ka8 70. b7+ Kb8 71. Kb5 Kxb7 72.
a6+ Ka7 73. Ka5 Ka8 74. Kb6 Kb8 75. Kc6 Ka8 76. Kb5 Ka7 77. Ka5 Ka8 78. Kb6 Kb8 79. a7+ Ka8 80. Ka6 1/2-1/2

[Event "Early-Titled-Tuesday-Blitz-May-28-2024"]
[Site "Chess.com"]
[Date "2024.05.28"]
[Round "11"]
[White "carloseduar100"]
[Black "VirtualCoach"]
[Result "0-1"]
[WhiteElo "2281"]
[BlackElo "2192"]
[TimeControl "180+1"]
[EndTime "10:10:35 PDT"]
[Termination "VirtualCoach won on time"]

1. g3 c5 2. Bg2 Nc6 3. Nf3 g6 4. O-O Bg7 5. c3 Nf6 6. d4 cxd4 7. cxd4 d5 8. Nc3 O-O 9. Bg5 h6 10. Bxf6 Bxf6 11. e3 e6 12. a3 Bd7 13. b4 Rc8 14. Rc1 a6 15. Ne2 Na7 16. Qb3 Nb5 17. Nd2 Qe7 18.
Rc5 b6 19. Rxc8 Rxc8 20. Rc1 Rd8 21. Nf4 Nd6 22. Rc7 Rc8 23. Qc2 Qd8 24. Rxc8 Qxc8 25. Qxc8+ Bxc8 26. a4 Bd7 27. a5 bxa5 28. bxa5 Nb7 29. Bf1 Nxa5 30. Bxa6 Nc6 31. Nd3 Ne7 32. Nc5 Bc6 33. f4 Nf5 34. Kf2 Nxd4 35. Bd3 Nf5 36. Bxf5 gxf5 37. Ke2 Kg7 38. Kd3 Bb5+ 39. Kc2 Kg6 40.
Kb3 h5 41. Kb4 Bc6 42. Ka5 h4 43. Kb6 Be8 44. Kc7 hxg3 45. hxg3 Kh5 46. Nf1 Kg4 47. Nd7 Bc3 48. Kd8 Bxd7 49. Kxd7 Bf6 50. Ke8 Bb2 51.
Kxf7 e5 52. fxe5 Bxe5 53. Ke6 Bxg3 54. Kxd5 Bb8 55. e4 f4 56. e5 Bc7 57. Ke4 f3 58. e6 Bd6 0-1

[Event "Early-Titled-Tuesday-Blitz-May-28-2024"]
[Site "Chess.com"]
[Date "2024.05.28"]
[Round "11"]
[White "EvgenyBurmakin"]
[Black "missponyo10"]
[Result "1/2-1/2"]
[WhiteElo "2329"]
[BlackElo "2257"]
[TimeControl "180+1"]
[EndTime "10:10:45 PDT"]
[Termination "Game drawn by repetition"]

1. c4 g6 2. Nc3 Bg7 3. g3 d6 4.
Bg2 Nd7 5. d4 e5 6. dxe5 dxe5 7.
e4 Ne7 8. Be3 O-O 9. Nge2 c6 10.
O-O Qc7 11. c5 Nf6 12. Qd6 Ne8 13. Qxc7 Nxc7 14. Rad1 Be6 15. f4 Rfd8 16. h3 h5 17. Kh2 Na6 18. Rd6 Re8 19. Rfd1 Nc8 20. Rd8 Ne7 21.
R8d2 Nb4 22. a3 Na6 23. b4 Nc7 24. Na4 Bb3 25. Nb2 Bxd1 26. Nxd1 Rad8 27. Nf2 Nb5 28. a4 Rxd2 29. Bxd2 Nd4 30. Nc3 Nc8 31. Nd3 f6 32. Kg1 Rd8 33. Kf2 Nb3 34. Ke3 Nxd2 35. Kxd2 Bh6 36.
Ke3 Ne7 37. Bf1 exf4+ 38. gxf4 g5 39. fxg5 Bxg5+ 40. Kf3 Ng6 41. Nd1 Ne5+ 42. Nxe5 fxe5 43. Nb2 Kf7 44. Nc4 Kf6 45. Be2 Ke6 46. Nd6 Be7 47.
Nxb7 Rb8 48. Na5 Kd7 49. b5 cxb5 50. Bxb5+ Ke6 51. c6 Bd8 52. Nb7 Ke7 53. Ke2 Rc8 54. Kd3 a6 55. Bxa6 Rxc6 56. Bb5 Rb6 57. Nc5 Rg6 58.
Kc4 Rg3 59. Bd7 Bb6 60. Bf5 Bxc5 61. Kxc5 Ra3 62. Kb5 Rb3+ 63. Kc6 Ra3 64. Kb5 Rb3+ 65.
Kc4 Ra3 66. Kb4 Ra1 67. a5 Rb1+ 68. Kc5 Ra1 69. Kb6 Rb1+ 70. Ka7 Kd6 71. a6 Kc6 72. Bg6 Kc7 73. Bxh5 Ra1 74. Bg6 Rh1 75. Bf5 Rh2 76. Bg4 Rh1 77. Bf5 Rh2 78. Bg4 Rh1 79. Bf5 1/2-1/2

[Event "Early-Titled-Tuesday-Blitz-May-28-2024"]
[Site "Chess.com"]
[Date "2024.05.28"]
[Round "11"]
[White "martinmena"]
[Black "PowerThinking2650"]
[Result "1-0"]
[WhiteElo "2140"]
[BlackElo "2495"]
[TimeControl "180+1"]
[EndTime "10:10:51 PDT"]
[Termination "martinmena won by checkmate"]

1. c4 Nf6 2. g3 g6 3. Bg2 Bg7 4.
Nc3 d6 5. e4 c5 6. d3 Nc6 7.
Nge2 h5 8. h4 Ng4 9. O-O a6 10. a3 Rb8 11. Rb1 b5 12. cxb5 axb5 13. b4 cxb4 14. axb4 Nd4 15. Be3 Nxe3 16. fxe3 Nxe2+ 17.
Nxe2 O-O 18. Qb3 Be6 19. Qc2 Qb6 20. d4 Rbc8 21. Qd2 Bc4 22. Rfc1 Bxe2 23. Qxe2 Bh6 24.
Bf1 e5 25. Rxc8 Rxc8 26. dxe5 dxe5 27. Rb3 Rc1 28. Kg2 Qc6 29. Qd3 Rc2+ 30. Be2 Ra2 31. Rc3 Qf6 32. Qxb5 Bf8 33. Qc4 Kg7 34. Qxa2 Qb6 35.
Qb3 Qb7 36. b5 Qxe4+ 37. Bf3 Qf5 38. b6 Bd6 39. e4 Qd7 40. b7 Bb8 41. Qd5 Qa4 42. Rc8 Qa7 43. Rxb8 Qxb8 44. Qc6 Qa7 45. Qc8 Qa2+ 46. Kh3 Qf2 47. Bg2 g5 48. hxg5 h4 49.
gxh4 Qe3+ 50. Kh2 Qf4+ 51. Kg1 Qe3+ 52. Kf1 Qf4+ 53. Ke1 Qe3+ 54. Kd1 Qg1+ 55. Kc2 Qxg2+ 56. Kb3 Qf3+ 57. Kb2 Qe2+ 58. Qc2 Qb5+ 59. Qb3 Qe2+ 60. Ka3 Qa6+ 61. Kb2 Qe2+ 62. Kc3 Qe3+ 63. Kc4 Qxe4+ 64.
Kc5 Qd4+ 65. Kc6 Qe4+ 66. Kc7 Qf4 67. b8=Q e4+ 68. Kb7 Qf3 69. Qe5+ Kg6 70. Qxf3 exf3 71. Qe4+ f5 72. Qxf3 f4 73. Qxf4 Kh5 74. g6 Kxg6 75.
Qg5+ Kh7 76. Kc7 Kh8 77. Kd7 Kh7 78. Ke7 Kh8 79. Kf7 Kh7 80. Qg7# 1-0

[Event "Early-Titled-Tuesday-Blitz-May-28-2024"]
[Site "Chess.com"]
[Date "2024.05.28"]
[Round "11"]
[White "Kotofeyca"]
[Black "Pasmendjambvirgulptipon98"]
[Result "1-0"]
[WhiteElo "2509"]
[BlackElo "2358"]
[TimeControl "180+1"]
[EndTime "10:10:52 PDT"]
[Termination "Kotofeyca won on time"]

1. d4 g6 2. c4 Bg7 3. Nc3 c5 4. Nf3 cxd4 5. Nxd4 Nc6 6. e3 Nf6 7. Be2 O-O 8. O-O d6 9. Nc2 Be6 10. b3 Rc8 11. Bb2 a6 12. Qd2 Ne4 13. Qe1 Nxc3 14.
Bxc3 Bxc3 15. Qxc3 b5 16. cxb5 axb5 17. Nb4 Qa5 18. a3 Ne5 19. Qb2 Rc7 20. Rfc1 Rfc8 21. Rxc7 Qxc7 22. Bxb5 Qc3 23. Qxc3 Rxc3 24. a4 Rxb3 25.
Nc6 Bd7 26. Nxe7+ Kg7 27. Bxd7 Nxd7 28. a5 Nc5 29. g4 Rb4 30. h3 h5 31. Nd5 Rb5 32. a6 Rb8 33. a7 Re8 34. Nc7 Rc8 35. gxh5 Rxc7 36. a8=Q gxh5 37. Qf3 Ne6 38. Qxh5 Rc5 39.
Kh2 Rg5 40. Rg1 f6 41. Rxg5+ Nxg5 42. Qg4 Kg6 43. Qd7 Nf3+ 44. Kh1 Ng5 45. Qxd6 Ne4 46. Qf4 Ng5 47. h4 Nf7 48. Qg3+ Kh6 49. Qg4 Ne5 50.
Qf4+ Kg7 51. Qf5 Ng6 52. h5 Ne7 53. Qg4+ Kf7 54. Qd7 Kf8 55. Qd4 Ng8 56. Qf4 Kg7 57. e4 Nh6 58. Qg4+ Nxg4 59. f3 Ne5 60. Kg2 Kh6 61. Kg3 Kxh5 62. Kf4 Kg6 63. Kg3 Nd3 64. Kg4 Ne5+ 65. Kg3 Nf7 66. Kg4 Nh6+ 67. Kf4 Kh5 68. e5 f5 69. e6 Kg6 70. Ke5 Ng8 71. f4 Ne7 72. Kd6 Kf6 73. Kd7 Ng6 74. Kd6 Ne7 75. Kd7 Ng8 76. Kd6 Nh6 77. e7 Nf7+ 78. Kd7 Ne5+ 79.
fxe5+ 1-0

[Event "Early-Titled-Tuesday-Blitz-May-28-2024"]
[Site "Chess.com"]
[Date "2024.05.28"]
[Round "11"]
[White "Grischuk"]
[Black "FGHSMN"]
[Result "1-0"]
[WhiteElo "3133"]
[BlackElo "2930"]
[TimeControl "180+1"]
[EndTime "10:11:00 PDT"]
[Termination "Grischuk won by checkmate"]

1. d4 Nf6 2. c4 e6 3. Bg5 Bb4+ 4. Nd2 O-O 5. Nf3 d5 6. e3 h6 7. Bh4 Be7 8. Rc1 Nbd7 9. Be2 c6 10. O-O Nh5 11. Bxe7 Qxe7 12. Ne5 Nhf6 13. Ndf3 Ne4 14. Bd3 Ng5 15. Qb3 Nxf3+ 16. Nxf3 Nf6 17. a3 Rb8 18. Ne5 Bd7 19. Qb4 Qxb4 20. axb4 dxc4 21. Bxc4 a6 22.
f3 Rfc8 23. e4 Kf8 24. Rfd1 Ke7 25. Kf2 Be8 26. h4 Rd8 27. Ke3 Ra8 28. g4 Nd7 29.
Nd3 a5 30. bxa5 Rxa5 31. Ra1 Rda8 32. Rxa5 Rxa5 33. f4 Nb6 34. Rc1 Bd7 35. g5 hxg5 36.
hxg5 Bc8 37. Nc5 Nd7 38. Nd3 Nb6 39. Bb3 Rb5 40. Rc3 Ra5 41. Bc2 Ra1 42. Nc5 Nd7 43. Nb3 Rh1 44. Nd2 f6 45. Nf3 Rh3 46. Kf2 Nf8 47. Kg2 Rh8 48. Kg3 Nd7 49. Bd3 e5 50. dxe5 fxe5 51. f5 Kd6 52. Bc2 b5 53. Rd3+ Ke7 54.
Rd1 c5 55. b3 Bb7 56. Bd3 Bc6 57. Ra1 c4 58. bxc4 b4 59. Ra5 Kd6 60. Bc2 Rb8 61. Nd2 Nc5 62. Nb3 Bxe4 63. Bxe4 Nxe4+ 64. Kg4 Rc8 65. Rd5+ Kc6 66. Rxe5 Nd6 67. Rc5+ Kd7 68. Rxc8 Kxc8 69.
c5 Ne8 70. Kh5 Kd7 71. Kg6 Ke7 72. Nd4 Kf8 73. Ne6+ Kg8 74. Nd4 Nc7 75. f6 gxf6 76. Kxf6 Kf8 77. c6 Na6 78. g6 Kg8 79. Nf5 b3 80.
Ne7+ Kf8 81. g7+ Ke8 82. g8=Q# 1-0

[Event "Early-Titled-Tuesday-Blitz-May-28-2024"]
[Site "Chess.com"]
[Date "2024.05.28"]
[Round "11"]
[White "Likvidator228"]
[Black "littlepinkyboy"]
[Result "1-0"]
[WhiteElo "2544"]
[BlackElo "2617"]
[TimeControl "180+1"]
[EndTime "10:11:07 PDT"]
[Termination "Likvidator228 won by resignation"]

1. d4 d5 2. Bf4 Nf6 3. e3 e6 4.
Nf3 Bd6 5. Bg3 O-O 6. Nbd2 c5 7. c3 b6 8. Bd3 Bb7 9. O-O Qe7 10. Ne5 Nbd7 11.
f4 Ne4 12. Nxe4 dxe4 13. Be2 Nf6 14. Bh4 cxd4 15. cxd4 Qd8 16. Bxf6 gxf6 17. Nc4 f5 18. Nxd6 Qxd6 19. Rc1 Rfc8 20. Qb3 Rxc1 21. Rxc1 Rc8 22.
Rxc8+ Bxc8 23. Qc3 Bb7 24. a3 Kf8 25. Kf2 Ke7 26.
g3 a6 27. Ke1 f6 28. b4 Kd7 29. Bc4 Qc6 30. Kd2 a5 31. Bb3 Qxc3+ 32. Kxc3 Kd6 33. Ba4 Ba6 34. Bb3 e5 35. Bc4 Bxc4 36. Kxc4 exd4 37. Kxd4 axb4 38. axb4 h5 39. Kc4 Kc6 40. h3 Kd6 41.
Kb5 Kc7 42. Ka6 Kc6 43. b5+ Kc5 44. h4 Kc4 45. Kxb6 Kd3 46. Kc5 Kxe3 47. b6 Kf2 48.
b7 e3 49. b8=Q e2 50. Qb2 Kf1 51. Qb5 Kf2 52. Qb2 Kf1 53. Qxf6 e1=Q 54. Qxf5 Qxg3 55. Qg5 Qc3+ 56. Kd5 Qd3+ 57. Ke5 Qe3+ 58. Kf6 Kf2 59. f5 Qd4+ 60. Kg6 Qe4 61. Kxh5 Qe8+ 62. Qg6 Qh8+ 63. Kg5 Qd8+ 64. f6 Qd2+ 65. Kh5 Qe2+ 66. Kh6 Qe3+ 67. Qg5 Qe6 68. Kg7 Qd7+ 69. f7 Ke1 70.
Qf6 Qg4+ 71. Qg6 Qd4+ 72. Kg8 Qd5 73. h5 Kf2 74. h6 Ke1 75. h7 Qd8+ 76. f8=Q Qd5+ 77.
Qff7 Qd8+ 78. Kg7 Qd4+ 79. Qgf6 Qg4+ 80. Q7g6 Qd7+ 81. Kh6 Qh3+ 82. Qh5 Qe3+ 83. Kg6 Qe8+ 84. Kg5 Qe3+ 85. Qf4 Qc5+ 86. Kh4 Qg5+ 87. Qhxg5 1-0